 Dungeon Crawl Stone Soup version 0.28-a0-655-g4eb62b627b (webtiles) character file.

Game seed: 3443449670309345332

715 bande the Chopper (level 7, 0/44 HPs)
             Began as a Gargoyle Fighter on Oct 13, 2021.
             Was a Follower of Okawaru.
             Slain by a wyvern zombie (12 damage)
             ... on level 6 of the Dungeon.
             The game lasted 00:10:35 (5550 turns).

bande the Chopper (Gargoyle Fighter)                Turns: 5550, Time: 00:10:36

Health: 0/44       AC: 15    Str: 21    XL:     7   Next: 69%
Magic:  7/7        EV:  7    Int:  8    God:    Okawaru [*.....]
Gold:   233        SH:  4    Dex: 10    Spells: 6/6 levels left

rFire   . . .      SeeInvis .   a - +0 war axe
rCold   . . .      Faith    .   c - +0 buckler
rNeg    + . .      Spirit   .   k - +0 chain mail
rPois   ∞          Reflect  .   l - +0 helmet
rElec   +          Harm     .   (no cloak)
rCorr   .          Rampage  .   (no gloves)
Will    .....                   (no boots)
Stlth   ..........              (no amulet)
HPRegen 0.14/turn               (no ring)
MPRegen 0.10/turn               (no ring)

@: no status effects
A: sickness immunity, AC +4, negative energy resistance 1, electricity
resistance, torment resistance 1, petrification resistance, low mp 1, MP-powered
wands
a: Renounce Religion, Heroism


You were on level 6 of the Dungeon.
You worshipped Okawaru.
Okawaru was aware of your devotion.
You visited 1 branch of the dungeon, and saw 6 of its levels.
You also visited: Sewer.

You collected 233 gold pieces.

Inventory:

Hand Weapons
 a - a +0 war axe (weapon)
 m - a +0 flail
Armour
 c - a +0 buckler (worn)
 k - a +0 chain mail (worn)
 l - a +0 helmet (worn)
Jewellery
 n - an amulet of the acrobat
Scrolls
 b - 2 scrolls of teleportation
 g - a scroll of identify
 h - 2 scrolls of blinking
 j - a scroll of fear
Potions
 d - 2 potions of might
 e - a potion of curing
 f - 5 potions of brilliance
 i - 2 potions of heal wounds
 o - a potion of invisibility


   Skills:
 + Level 4.6 Fighting
 + Level 5.5 Axes
 + Level 5.3 Armour
 + Level 4.3 Shields
 * Level 1.6 Invocations


You had 6 spell levels left.
You didn't know any spells.
Your spell library contained the following spells:

 Spells                   Type           Power      Damage    Failure   Level
 Magic Dart               Conj           0%         1d3       98%         1
 Ensorcelled Hibernation  Hex/Ice        0%         N/A       99%         2
 Searing Ray              Conj           0%         2d4       99%         2
 Fulminant Prism          Conj/Hex       0%         3d6       100%        4
 Tukima's Dance           Hex            Unusable   N/A       N/A         3

Dungeon Overview and Level Annotations

Branches:
Dungeon (6/15)              Sewer (visited)
 Temple: D:4-7

Altars:
Okawaru
Ru
Vehumet
Yredelemnul
Zin


Innate Abilities, Weirdness & Mutations

You are immune to sickness and miasma.
Your stone body is resilient. (AC +4)
You are immune to poison.
You resist negative energy. (rN+)
You are resistant to electric shocks. (rElec)
You are resistant to unholy torment.
You are immune to petrification.
Your magical capacity is low. (-10% MP)
You expend magic power (3 MP) to strengthen your wands.


Message History

The ice beast hits you but does no damage.
The wyvern zombie bites you.
* * * LOW HITPOINT WARNING * * *
You feel much better.
The wyvern zombie bites you but does no damage.
The ice beast closely misses you.
You slash the ice beast!
The ice beast is heavily wounded.
You hit the wyvern zombie but do no damage.
The wyvern zombie bites you but does no damage.
You block the ice beast's attack. You block the wyvern zombie's attack.
Unknown command.
You barely miss the ice beast.
The ice beast is heavily wounded.
You hit the wyvern zombie. The wyvern zombie bites you.
You block the ice beast's attack.
The wyvern zombie bites you but does no damage.
Unknown command.
You closely miss the ice beast.
The ice beast is heavily wounded.
You barely miss the wyvern zombie.
The ice beast hits you but does no damage.
The wyvern zombie bites you but does no damage.
The ice beast hits you but does no damage.
Unknown command.
You slash the ice beast!
The ice beast is almost dead.
You slash the wyvern zombie! The wyvern zombie bites you!
The ice beast hits you but does no damage.
The wyvern zombie barely misses you.
Your chain mail prevents you from hitting the ice beast.
The ice beast is almost dead.
You hit the wyvern zombie. The wyvern zombie bites you.
* * * LOW HITPOINT WARNING * * *
The ice beast barely misses you.
You hit the ice beast.
You kill the ice beast!
Okawaru accepts your kill.
You slash the wyvern zombie! The wyvern zombie bites you!
You die...

###....#.....#
.#.#.......#...........
........#.....#........
.....................
.................. .#.
#...###........# ....
#...###.......###
......##.........Z......
...##.#.......@.$..... .
#.##................. .#
#.....#..............
..##....##....#..#......
#..#....####.#####......
.........##...##........
....<.....##.##... ...##
...........###... ...#
######..#.>.#...


You could see a wyvern zombie.

Vanquished Creatures
  An ogre (D:5)
  A sky beast (D:4)
  A necrophage (D:4)
  An ice beast (D:6)
  A water moccasin zombie (D:6)
  A hound (D:5)
  2 bullfrog skeletons
  Natasha (thrice) (D:2)
  Robin (D:2)
  10 adders
  An adder skeleton (D:4)
  A worm (D:2)
  A dart slug (D:5)
  14 orcs
  7 ball pythons
  6 endoplasms
  3 giant cockroaches (D:1)
  9 goblins
  7 hobgoblins
  23 jackals
  13 kobolds
  2 quokkas
  6 bats
  4 frilled lizards (Sewer)
  5 rats
124 creatures vanquished.

Vanquished Creatures (others)
  11 plants (Sewer)
11 creatures vanquished.

Grand Total: 135 creatures vanquished

Notes
Turn   | Place    | Note
-------+----------+-------------------------------------------
     0 | D:1      | bande the Gargoyle Fighter began the quest for the Orb.
     0 | D:1      | Reached XP level 1. HP: 14/14 MP: 1/1
   129 | D:1      | Reached XP level 2. HP: 10/19 MP: 2/2
   876 | D:1      | Reached XP level 3. HP: 22/23 MP: 3/3
   987 | D:1      | Found a faded altar of an unknown god.
  1273 | D:2      | Noticed Natasha
  1280 | D:2      | Reached XP level 4. HP: 29/29 MP: 4/4
  1287 | D:2      | Killed Natasha
  1438 | D:2      | Noticed Natasha
  1450 | D:2      | Killed Natasha
  1455 | D:2      | Noticed Natasha
  1475 | D:2      | Killed Natasha
  1476 | D:2      | Reached XP level 5. HP: 12/33 MP: 5/5
  1901 | D:2      | Found a radiant altar of Vehumet.
  1961 | D:2      | Noticed Robin
  1993 | D:2      | Killed Robin
  2867 | D:3      | Found a glowing silver altar of Zin.
  2874 | D:3      | Found a sacrificial altar of Ru.
  2874 | D:3      | Found a basalt altar of Yredelemnul.
  2875 | D:3      | Found an iron altar of Okawaru.
  2879 | D:3      | Became a worshipper of Warmaster Okawaru
  3590 | D:4      | Reached XP level 6. HP: 37/38 MP: 6/6
  3591 | D:4      | Noticed a sky beast
  3616 | D:4      | Killed a sky beast
  3808 | D:4      | Noticed a necrophage
  3822 | D:4      | Killed a necrophage
  3822 | D:4      | Reached * piety under Okawaru
  3823 | D:4      | Reached skill level 5 in Armour
  3823 | D:4      | Reached XP level 7. HP: 39/44 MP: 7/7
  4371 | D:5      | Entered Level 5 of the Dungeon
  4390 | D:5      | Reached skill level 5 in Axes
  4523 | D:5      | Found a glowing drain.
  4535 | Sewer    | Entered a sewer
  4565 | Sewer    | Reached skill level 1 in Invocations
  5206 | D:5      | Gained mutation: You have large cloven feet. [potion of
                  | mutation]
  5206 | D:5      | Gained mutation: Your spells are a little harder to cast,
                  | but a little more powerful. [potion of mutation]
  5207 | D:5      | Lost mutation: Your spells are a little harder to cast, but
                  | a little more powerful. [potion of mutation]
  5207 | D:5      | Lost mutation: You have large cloven feet. [potion of
                  | mutation]
  5207 | D:5      | Gained mutation: Your magical capacity is low. (-10% MP)
                  | [potion of mutation]
  5207 | D:5      | Gained mutation: You expend magic power (3 MP) to
                  | strengthen your wands. [potion of mutation]
  5550 | D:6      | Slain by a wyvern zombie

Illustrated notes

Levels and vault maps discovered:
D:1:      minmay_arrival_four_circles, layout_basic,
          hellmonk_ecumenical_altar_leap_of_faith
D:2:      layout_loops_ring, basic_altar, uniq_robin, uniq_natasha
D:3:      layout_loops_ring, minitemple
D:4:      layout_loops_ring
D:5:      layout_rooms, portal_sewer_entry_d, chequers_arboretum
D:6:      layout_cave_pools, minmay_temple_entry_glass, minmay_misc_feat_five,
          nrook_loot_triangle

Skill      XL: |  1  2  3  4  5  6  7 |
---------------+----------------------+-----
Axes           | 2 3 4 5 |  5.5
Armour         | 4 5 |  5.3
Fighting       | 4 |  4.6
Shields        | 4 |  4.3
Invocations    | 1 |  1.6

Action                   |  1- 3 |  4- 6 |  7- 9 || total
-------------------------+-------+-------+-------++-------
Melee: War axe           |    73 |   212 |   149 ||   434
  Use: Scroll            |     2 |     4 |     4 ||    10
       Potion            |       |     6 |     3 ||     9
Armor: Scale mail        |    45 |   123 |     6 ||   174
       Chain mail        |       |       |   102 ||   102
Dodge: Dodged            |    41 |   117 |    69 ||   227
Block: Buckler           |    13 |    55 |    33 ||   101

Table legend: (Time is in decaauts)
 A = Elapsed time spent in this place.
 B = Non-inter-level travel time spent in this place.
 C = Inter-level travel time spent in this place.
 D = Time resting spent in this place.
 E = Time spent auto-exploring this place.
 F = Levels seen in this place.
 G = Mean time per level.
                   A        B        C        D        E       F      G
               +--------+--------+--------+--------+--------+-----+--------+
         Total |   5819 |   5760 |     59 |    716 |   3698 |   7 |  831.3 |
       Dungeon |   5035 |   4976 |     59 |    716 |   3149 |   6 |  839.2 |
         Sewer |    783 |    783 |      0 |      0 |    549 |   1 |  783.0 |
               +--------+--------+--------+--------+--------+-----+--------+

Top non-repeatable levels by time:
     D:2: 1290 daAuts
     D:1: 1123 daAuts
     D:4: 1056 daAuts
     D:3: 986 daAuts
   Sewer: 783 daAuts
     D:5: 504 daAuts
     D:6: 74 daAuts
